| TOP OF THE 1ST |
|
Pensacola Blue Wahoos batting - Pitching for Colorado (EL) Rockies : LHP Steve Ransom
|
|
Pitching: LHP Steve Ransom
|
|
|
Batting: RHB Solange Le Coq
|
0-0: Ball 1-0: Ball 2-0: Ball 3-0: Called Strike 3-1: Called Strike 3-2: Foul Ball, location: 2F 3-2: Ground out 6-3 (Groundball, 6, EV 101.3 MPH)
|
|
Batting: RHB Pedro Pinero
|
0-0: Ball 1-0: Foul Ball, location: 2F 1-1: Ground out 6-3 (Groundball, 56D, EV 88.1 MPH)
|
|
Batting: RHB Jason Harris
|
0-0: Swinging Strike 0-1: Ground out 6-3 (Groundball, 6, EV 89.4 MPH)
|
| Top of the 1st over - 0 runs, 0 hits, 0 errors, 0 left on base; Pensacola 0 - Colorado (EL) 0 |
| BOTTOM OF THE 1ST |
|
Colorado (EL) Rockies batting - Pitching for Pensacola Blue Wahoos : RHP Jose Marrero
|
|
Pitching: RHP Jose Marrero
|
|
|
Batting: RHB Kian-tat Chen
|
0-0: Foul Ball, location: 2F 0-1: Ball 1-1: Fly out, F7 (Flyball, 78D, EV 93.8 MPH)
|
|
Batting: SHB Jon Munoz
|
0-0: Ball 1-0: Foul Ball, location: 2F 1-1: Foul Ball, location: 2F 1-2: Strikes out looking
|
|
Batting: LHB Eric Ludwig
|
0-0: Ball 1-0: Ball 2-0: Ball 3-0: Called Strike 3-1: Fly out, F8 (Flyball, 8RD, EV 106.3 MPH)
|
| Bottom of the 1st over - 0 runs, 0 hits, 0 errors, 0 left on base; Pensacola 0 - Colorado (EL) 0 |
| TOP OF THE 2ND |
|
Pensacola Blue Wahoos batting - Pitching for Colorado (EL) Rockies : LHP Steve Ransom
|
|
Batting: RHB Jon Marquez
|
0-0: Ball 1-0: Ball 2-0: Ball 3-0: Called Strike 3-1: Ground out 6-3 (Groundball, 4M, EV 85.0 MPH)
|
|
Batting: RHB Tim Wormell
|
0-0: Ball 1-0: Called Strike 1-1: Foul Ball, location: 2F 1-2: Ball 2-2: Ball 3-2: Base on Balls
|
|
Batting: RHB Danny Powell
|
0-0: Ball 1-0: Called Strike 1-1: Ball 2-1: Foul Ball, location: 2F 2-2: Strikes out swinging
|
|
Batting: RHB Chris Holland
|
0-0: Called Strike Tim Wormell steals 2nd base 0-1: Ball 1-1: Ground out 1-3 (Groundball, 15S, EV 75.0 MPH)
|
| Top of the 2nd over - 0 runs, 0 hits, 0 errors, 1 left on base; Pensacola 0 - Colorado (EL) 0 |
| BOTTOM OF THE 2ND |
|
Colorado (EL) Rockies batting - Pitching for Pensacola Blue Wahoos : RHP Jose Marrero
|
|
Batting: RHB Nick Rang
|
0-0: Called Strike 0-1: Ball 1-1: Ball 2-1: Ball 3-1: Ground out 4-3 (Groundball, 4, EV 85.0 MPH)
|
|
Batting: LHB Elijah Black
|
0-0: Fly out, F7 (Flyball, 78D, EV 84.4 MPH)
|
|
Batting: RHB Eduardo Camacho
|
0-0: Ball 1-0: SOLO HOME RUN (Flyball, 7D, EV 98.8 MPH), Distance : 365 ft
|
|
Batting: RHB Justin Pellman
|
0-0: Ball 1-0: Foul Ball, location: 2F 1-1: Ball 2-1: Swinging Strike 2-2: Fly out, F9 (Flyball, 9LD, EV 86.3 MPH)
|
| Bottom of the 2nd over - 1 run, 1 hit, 0 errors, 0 left on base; Pensacola 0 - Colorado (EL) 1 |
| TOP OF THE 3RD |
|
Pensacola Blue Wahoos batting - Pitching for Colorado (EL) Rockies : LHP Steve Ransom
|
|
Batting: RHB Dave Ruiz
|
0-0: Called Strike 0-1: Ball 1-1: Foul Ball, location: 2F 1-2: Ball 2-2: Strikes out swinging
|
|
Batting: SHB Jared Thomas
|
0-0: Called Strike 0-1: Ball 1-1: Ball 2-1: Ball 3-1: Foul Ball, location: 2F 3-2: Foul Ball, location: 2F 3-2: Ground out 6-3 (Groundball, 4M, EV 100.0 MPH)
|
|
Batting: RHB Solange Le Coq
|
0-0: Ground out 5-3 (Groundball, 56S, EV 80.6 MPH)
|
| Top of the 3rd over - 0 runs, 0 hits, 0 errors, 0 left on base; Pensacola 0 - Colorado (EL) 1 |
| BOTTOM OF THE 3RD |
|
Colorado (EL) Rockies batting - Pitching for Pensacola Blue Wahoos : RHP Jose Marrero
|
|
Batting: RHB Matt Wheaton
|
0-0: Ball 1-0: Fly out, F8 (Flyball, 8LD, EV 94.4 MPH)
|
|
Batting: RHB Jerry Edmiston
|
0-0: Ball 1-0: Swinging Strike 1-1: DOUBLE (Groundball, 5L, EV 106.9 MPH)
|
|
Batting: RHB Kian-tat Chen
|
0-0: Called Strike 0-1: Called Strike 0-2: Ball 1-2: Foul Ball, location: 2F 1-2: Strikes out swinging
|
|
Batting: SHB Jon Munoz
|
0-0: Ball 1-0: Called Strike 1-1: Ground out U3 (Groundball, 3, EV 88.8 MPH)
|
| Bottom of the 3rd over - 0 runs, 1 hit, 0 errors, 1 left on base; Pensacola 0 - Colorado (EL) 1 |
| TOP OF THE 4TH |
|
Pensacola Blue Wahoos batting - Pitching for Colorado (EL) Rockies : LHP Steve Ransom
|
|
Batting: RHB Pedro Pinero
|
0-0: Ball 1-0: Called Strike 1-1: Ground out U3 (Groundball, 34, EV 89.4 MPH)
|
|
Batting: RHB Jason Harris
|
0-0: Ball 1-0: Swinging Strike 1-1: Ground out 6-3 (Groundball, 6M, EV 93.8 MPH)
|
|
Batting: RHB Jon Marquez
|
0-0: SINGLE (Line Drive, 4D, EV 99.4 MPH)
|
|
Batting: RHB Tim Wormell
|
0-0: Called Strike Jon Marquez is caught stealing 2nd base 2-4
|
| Top of the 4th over - 0 runs, 1 hit, 0 errors, 0 left on base; Pensacola 0 - Colorado (EL) 1 |
| BOTTOM OF THE 4TH |
|
Colorado (EL) Rockies batting - Pitching for Pensacola Blue Wahoos : RHP Jose Marrero
|
|
Batting: LHB Eric Ludwig
|
0-0: Ball 1-0: Called Strike 1-1: Foul Ball, location: 2F 1-2: Foul Ball, location: 2F 1-2: Ball 2-2: Foul Ball, location: 2F 2-2: Strikes out swinging
|
|
Batting: RHB Nick Rang
|
0-0: Ball 1-0: Ball 2-0: DOUBLE (Flyball, 8RXD, EV 105.6 MPH)
|
|
Batting: LHB Elijah Black
|
0-0: Called Strike 0-1: Ball 1-1: Foul Ball, location: 2F 1-2: Foul Ball, location: 2F 1-2: Strikes out swinging, 2-3 out at first.
|
|
Batting: RHB Eduardo Camacho
|
0-0: Ball 1-0: Foul Ball, location: 2F 1-1: Fly out, F8 (Flyball, 8RD, EV 102.5 MPH)
|
| Bottom of the 4th over - 0 runs, 1 hit, 0 errors, 1 left on base; Pensacola 0 - Colorado (EL) 1 |
| TOP OF THE 5TH |
|
Pensacola Blue Wahoos batting - Pitching for Colorado (EL) Rockies : LHP Steve Ransom
|
|
Batting: RHB Tim Wormell
|
0-0: Called Strike 0-1: Ball 1-1: Called Strike 1-2: Ball 2-2: Strikes out swinging
|
|
Batting: RHB Danny Powell
|
0-0: Ground out U3 (Groundball, 34, EV 108.1 MPH)
|
|
Batting: RHB Chris Holland
|
0-0: Swinging Strike 0-1: Swinging Strike 0-2: Ball 1-2: Ball 2-2: Ball 3-2: Foul Ball, location: 2F 3-2: Strikes out looking
|
| Top of the 5th over - 0 runs, 0 hits, 0 errors, 0 left on base; Pensacola 0 - Colorado (EL) 1 |
| BOTTOM OF THE 5TH |
|
Colorado (EL) Rockies batting - Pitching for Pensacola Blue Wahoos : RHP Jose Marrero
|
|
Batting: RHB Justin Pellman
|
0-0: Ball 1-0: Called Strike 1-1: Ball 2-1: TRIPLE (Flyball, 89XD, EV 99.4 MPH)
|
|
Batting: RHB Matt Wheaton
|
0-0: Ball 1-0: Swinging Strike 1-1: Foul Ball, location: 2F 1-2: Ball 2-2: Ball 3-2: Foul Ball, location: 2F 3-2: Foul Ball, location: 2F 3-2: Foul Ball, location: 2F 3-2: Ground out 6-3 (Groundball, 6, EV 102.5 MPH) Justin Pellman scores
|
|
Batting: RHB Jerry Edmiston
|
0-0: Ball 1-0: Ball 2-0: Ball 3-0: Called Strike 3-1: Base on Balls
|
|
Batting: RHB Kian-tat Chen
|
0-0: Foul Ball, location: 2F 0-1: Ball 1-1: Called Strike 1-2: Foul Ball, location: 2F 1-2: SINGLE (Groundball, 6D, EV 103.1 MPH) Jerry Edmiston to second
|
|
Batting: SHB Jon Munoz
|
0-0: Called Strike 0-1: Ball 1-1: Ball 2-1: Grounds into double play, 4-6-3 (Groundball, 4S, EV 85.6 MPH)
|
| Bottom of the 5th over - 1 run, 2 hits, 0 errors, 1 left on base; Pensacola 0 - Colorado (EL) 2 |
| TOP OF THE 6TH |
|
Pensacola Blue Wahoos batting - Pitching for Colorado (EL) Rockies : LHP Steve Ransom
|
|
Batting: RHB Dave Ruiz
|
0-0: Fly out, F6 (Flyball, 6MD, EV 88.1 MPH)
|
|
Batting: SHB Jared Thomas
|
0-0: Called Strike 0-1: Fly out, F3 (Popup, 3SF, EV 78.8 MPH)
|
|
Batting: RHB Solange Le Coq
|
0-0: Called Strike 0-1: Called Strike 0-2: Ball 1-2: Foul Ball, location: 2F 1-2: SINGLE (Groundball, 6MD, EV 95.0 MPH)
|
|
Batting: RHB Pedro Pinero
|
0-0: Ball 1-0: Called Strike 1-1: Ball Solange Le Coq is caught stealing 2nd base 2-4
|
| Top of the 6th over - 0 runs, 1 hit, 0 errors, 0 left on base; Pensacola 0 - Colorado (EL) 2 |
| BOTTOM OF THE 6TH |
|
Colorado (EL) Rockies batting - Pitching for Pensacola Blue Wahoos : RHP Jose Marrero
|
|
Batting: LHB Eric Ludwig
|
0-0: Ball 1-0: Ball 2-0: Ball 3-0: Base on Balls
|
|
Batting: RHB Nick Rang
|
0-0: Ball 1-0: Foul Ball, location: 2F 1-1: Called Strike 1-2: Foul Ball, location: 2F 1-2: Ball 2-2: Foul Ball, location: 2F 2-2: Strikes out swinging
|
|
Batting: LHB Elijah Black
|
0-0: Ball 1-0: Ball 2-0: Ball 3-0: Base on Balls Eric Ludwig to second
|
|
Batting: RHB Eduardo Camacho
|
0-0: Called Strike 0-1: Ball 1-1: Foul Ball, location: 2F 1-2: DOUBLE (Flyball, 7LD, EV 108.1 MPH) Eric Ludwig scores Elijah Black to third Runner from 3rd tries for Home, SAFE, throw by LF to trailing runner, OUT at third! 7-3-5
|
|
Batting: RHB Justin Pellman
|
0-0: Called Strike 0-1: Fly out, F8 (Flyball, 8RD, EV 98.8 MPH)
|
| Bottom of the 6th over - 2 runs, 1 hit, 0 errors, 0 left on base; Pensacola 0 - Colorado (EL) 4 |
| TOP OF THE 7TH |
|
Pensacola Blue Wahoos batting - Pitching for Colorado (EL) Rockies : LHP Steve Ransom
|
|
Batting: RHB Pedro Pinero
|
0-0: Foul Ball, location: 2F 0-1: SINGLE (Groundball, 4D, EV 97.5 MPH)
|
|
Batting: RHB Jason Harris
|
0-0: SINGLE (Flyball, 3D, EV 88.8 MPH) Pedro Pinero to second
|
|
Batting: RHB Jon Marquez
|
0-0: Swinging Strike 0-1: Foul Ball, location: 2F 0-2: Ball 1-2: Ball 2-2: Ball 3-2: Foul Ball, location: 2F 3-2: Foul Ball, location: 2F 3-2: Strikes out swinging
|
|
Batting: RHB Tim Wormell
|
0-0: SINGLE (Line Drive, 4M, EV 98.8 MPH) Pedro Pinero to third Jason Harris to second
|
|
Batting: RHB Danny Powell
|
0-0: Ball 1-0: Foul Ball, location: 2F 1-1: Ball 2-1: Fielders Choice at 2nd, 3-6 (Groundball, 3S, EV 86.3 MPH) Pedro Pinero scores Jason Harris to third
|
|
Batting: RHB Chris Holland
|
0-0: Ball Danny Powell steals 2nd base 1-0: Foul Ball, location: 2F 1-1: Foul Ball, location: 2F 1-2: Ball 2-2: Strikes out swinging
|
| Top of the 7th over - 1 run, 3 hits, 0 errors, 2 left on base; Pensacola 1 - Colorado (EL) 4 |
| BOTTOM OF THE 7TH |
|
Colorado (EL) Rockies batting - Pitching for Pensacola Blue Wahoos : RHP Jose Marrero
|
|
Pitching: RHP Brett Cooke
|
|
|
Batting: RHB Matt Wheaton
|
0-0: Ball 1-0: SINGLE (Flyball, 9LS, EV 90.6 MPH)
|
|
Batting: RHB Jerry Edmiston
|
0-0: Ball Matt Wheaton steals 2nd base 1-0: SINGLE (Groundball, 56D, EV 100.0 MPH) Matt Wheaton to third Runner from 3rd tries for Home, SAFE, throw by LF to home
|
|
Batting: RHB Kian-tat Chen
|
0-0: 2-RUN HOME RUN (Flyball, 78XD, EV 105.6 MPH), Distance : 394 ft
|
|
Pitching: LHP Brian Whittall
|
|
|
Batting: SHB Jon Munoz
|
0-0: Called Strike 0-1: Ball 1-1: TRIPLE (Line Drive, 7D, EV 107.5 MPH)
|
|
Batting: LHB Eric Ludwig
|
0-0: Called Strike 0-1: Ball 1-1: Foul Ball, location: 2F 1-2: Ground out 6-3 (Groundball, 4MD, EV 85.0 MPH) Jon Munoz scores
|
|
Batting: RHB Nick Rang
|
0-0: Foul Ball, location: 2F 0-1: Foul Ball, location: 2F 0-2: Foul Ball, location: 2F 0-2: Strikes out swinging
|
|
Batting: LHB Elijah Black
|
0-0: Called Strike 0-1: Ball 1-1: Called Strike 1-2: Strikes out looking
|
| Bottom of the 7th over - 4 runs, 4 hits, 0 errors, 0 left on base; Pensacola 1 - Colorado (EL) 8 |
| TOP OF THE 8TH |
|
Pensacola Blue Wahoos batting - Pitching for Colorado (EL) Rockies : LHP Steve Ransom
|
|
Pitching: RHP Stephen Bailey
|
|
|
Pinch Hitting: LHB James Himes
|
0-0: Foul Ball, location: 2F 0-1: Fly out, F9 (Line Drive, 9D, EV 111.3 MPH)
|
|
Batting: SHB Jared Thomas
|
0-0: Called Strike 0-1: Fly out, F4 (Popup, 4M, EV 77.5 MPH)
|
|
Pitching: RHP Ronnie DeVries
|
|
|
Batting: RHB Solange Le Coq
|
0-0: Called Strike 0-1: Ground out 5-3 (Groundball, 56S, EV 82.5 MPH)
|
| Top of the 8th over - 0 runs, 0 hits, 0 errors, 0 left on base; Pensacola 1 - Colorado (EL) 8 |
| BOTTOM OF THE 8TH |
|
Colorado (EL) Rockies batting - Pitching for Pensacola Blue Wahoos : LHP Brian Whittall
|
|
Now at 1B: Ernie Noiles
|
|
|
Batting: RHB Eduardo Camacho
|
0-0: Ball 1-0: Called Strike 1-1: Swinging Strike 1-2: Foul Ball, location: 2F 1-2: Strikes out swinging
|
|
Batting: RHB Justin Pellman
|
0-0: Ball 1-0: Ball 2-0: Ball 3-0: Called Strike 3-1: Called Strike 3-2: Strikes out swinging
|
|
Batting: RHB Matt Wheaton
|
0-0: Reached on error, E6 (Groundball, 6, EV 94.4 MPH)
|
|
Batting: RHB Jerry Edmiston
|
0-0: Fly out, F7 (Flyball, 7D, EV 102.5 MPH)
|
| Bottom of the 8th over - 0 runs, 0 hits, 1 error, 1 left on base; Pensacola 1 - Colorado (EL) 8 |
| TOP OF THE 9TH |
|
Pensacola Blue Wahoos batting - Pitching for Colorado (EL) Rockies : RHP Ronnie DeVries
|
|
Batting: RHB Pedro Pinero
|
0-0: Ball 1-0: Ground out U3 (Groundball, 3, EV 101.9 MPH)
|
|
Batting: RHB Jason Harris
|
0-0: Ball 1-0: Called Strike 1-1: Ball 2-1: Called Strike 2-2: Foul Ball, location: 2F 2-2: SINGLE (Groundball, 6MS, EV 88.1 MPH) (infield hit)
|
|
Pinch Hitting: RHB Tony Diaz
|
0-0: Ball 1-0: Grounds into double play, 5-4-3 (Groundball, 56, EV 98.1 MPH)
|
| Top of the 9th over - 0 runs, 1 hit, 0 errors, 0 left on base; Pensacola 1 - Colorado (EL) 8 |
|